 Dungeon Crawl Stone Soup version 0.29.1-15-g9cfb28693d (webtiles) character file.

Game seed: 14404446468053609368

462 raph the Magician (level 6, -3/32 HPs)
             Began as a Deep Elf Fire Elementalist on Apr 5, 2023.
             Slain by a phantom (7 damage)
             ... on level 4 of the Dungeon.
             The game lasted 00:05:28 (4394 turns).

raph the Magician (Deep Elf Fire Elementalist)      Turns: 4394, Time: 00:05:29

Health: -3/32      AC:  3    Str:  5    XL:     6   Next: 79%
Magic:  1/18       EV: 12    Int: 22    God:
Gold:   243        SH:  0    Dex: 15    Spells: 6/19 levels left

rFire   . . .      SeeInvis .   l - staff of conjuration
rCold   . . .      Faith    .   (no shield)
rNeg    . . .      Spirit   .   a - +0 robe
rPois   .          Reflect  .   (no helmet)
rElec   .          Harm     .   n - +0 cloak
rCorr   .          Rampage  .   (no gloves)
Will    .....                   (no boots)
Stlth   ++........              (no amulet)
HPRegen 0.10/turn               (no ring)
MPRegen 0.16/turn               (no ring)

@: mighty
A: no striking features
a: no special abilities


You were on level 4 of the Dungeon.
You visited 1 branch of the dungeon, and saw 4 of its levels.

You collected 243 gold pieces.

Inventory:

Hand Weapons
 c - a +0 dagger
Missiles
 i - 6 poisoned darts
 j - 3 javelins
Armour
 a - a +0 robe (worn)
 n - a +0 cloak (worn)
Magical Staves
 l - a staff of conjuration (weapon)
Scrolls
 g - a scroll of blinking
Potions
 b - a potion of magic
 d - 4 potions of attraction {unknown}
 e - a potion of curing {unknown}
 f - a potion of lignification {unknown}
 k - a potion of berserk rage {unknown}
 m - a potion of might


   Skills:
 + Level 0.0 Fighting
 - Level 2.4 Dodging
 - Level 2.4 Stealth
 + Level 7.2 Spellcasting
 + Level 1.1 Conjurations
 + Level 6.4 Fire Magic


You had 6 spell levels left.
You knew the following spells:

 Your Spells              Type           Power      Damage    Failure   Level
a - Foxfire               Conj/Fire      100%       2x1d9     1%          1
b - Scorch                Fire           72%        2d8       1%          2
c - Conjure Flame         Conj/Fire      36%        6-21      4%          3
d - Inner Flame           Hex/Fire       22%        N/A       6%          3
e - Flame Wave            Conj/Fire      36%        2d10      17%         4

Your spell library contained the following spells:

 Spells                   Type           Power      Damage    Failure   Level
 Sublimation of Blood     Necr           7%         N/A       12%         2
 Wereblood                Tmut           7%         N/A       12%         2
 Animate Dead             Necr           7%         N/A       63%         4
 Summon Cactus Giant      Summ           3%         N/A       100%        6
 Haunt                    Necr/Summ      3%         N/A       100%        7
 Summon Hydra             Summ           3%         N/A       100%        7
 Infestation              Necr           3%         N/A       100%        8


Dungeon Overview and Level Annotations

Branches:
Dungeon (4/15)
 Temple: D:4-7

Altars:
Dithmenos
Ru


Message History

The phantom's fire resistance burns away.
Casting: Scorch (safe; 1% risk of failure)
Confirm with . or Enter, or press ? or * to list all spells.
You feel a surge of power!
You conjure some foxfire!
The phantom hits you.
Your magical contamination has completely faded away.
Casting: Foxfire (safe; 1% risk of failure)
Confirm with . or Enter, or press ? or * to list all spells.
You feel a surge of power!
You conjure some foxfire!
The foxfire hits the phantom.
The phantom is lightly damaged.
The phantom hits you.
Casting: Foxfire (safe; 1% risk of failure)
Confirm with . or Enter, or press ? or * to list all spells.
You feel a surge of power!
You conjure some foxfire!
The phantom barely misses you.
You closely miss the phantom.
The phantom is lightly damaged.
The phantom is no longer more vulnerable to fire.
The foxfire hits the phantom but does no damage.
The phantom is lightly damaged.
The foxfire hits the phantom.
The phantom is moderately damaged.
The foxfire hits the phantom.
The phantom is moderately damaged.
The phantom hits you.
* * * LOW HITPOINT WARNING * * *
Casting: Foxfire (safe; 1% risk of failure)
Confirm with . or Enter, or press ? or * to list all spells.
You feel a surge of power!
You conjure some foxfire!
The phantom hits you.
* * * LOW HITPOINT WARNING * * *
The foxfire hits the phantom!
The phantom is severely damaged.
The foxfire hits the phantom.
The phantom is severely damaged.
The phantom barely misses you.
Okay, then.
It was a potion of might.
You feel very mighty all of a sudden. The phantom hits you!
You die...

********** *****
*,,,,,,,,*******,,,**
*,******,,,,,,,,,,,,,
*,* ##########...,,,
*,* #...hhh......***
*,* #†########.##*
#.####.# *****,*
#...@W.####,,,,,*
######....#,*****
#.##.#.* #.#*,#.#
#.#*,#.# #.##,#.#
#.##.#.# #.##.#.##
#.##..†.#


You could see a phantom.

Vanquished Creatures
  2 black bears
  A howler monkey (D:4)
  An orc priest (D:3)
  2 iguanas
  4 adders
  5 worms
  3 dart slugs
  2 orcs
  10 bats
  5 endoplasms
  A giant cockroach (D:4)
  6 goblins
  6 hobgoblins
  19 jackals
  5 quokkas
  9 ball pythons
  4 frilled lizards
  A goblin zombie (D:4)
  9 kobolds
  A quokka zombie (D:4)
  5 rats
101 creatures vanquished.

Vanquished Creatures (others)
  242 foxfires
242 creatures vanquished.

Grand Total: 343 creatures vanquished

Notes
Turn   | Place    | Note
-------+----------+-------------------------------------------
     0 | D:1      | raph the Deep Elf Fire Elementalist began the quest for the
                  | Orb.
     0 | D:1      | Reached XP level 1. HP: 10/10 MP: 6/6
   251 | D:1      | Reached XP level 2. HP: 15/15 MP: 2/8
   256 | D:1      | Learned a level 2 spell: Scorch
  1101 | D:1      | Reached skill level 4 in Spellcasting
  1482 | D:2      | Reached XP level 3. HP: 19/19 MP: 5/10
  1561 | D:2      | Noticed a black bear
  1720 | D:2      | Learned a level 3 spell: Conjure Flame
  1827 | D:2      | Reached XP level 4. HP: 24/24 MP: 6/12
  2454 | D:2      | Killed a black bear
  2455 | D:2      | Reached skill level 5 in Spellcasting
  2455 | D:2      | Reached skill level 5 in Fire Magic
  2455 | D:2      | Reached XP level 5. HP: 28/28 MP: 3/15
  3014 | D:3      | Found a shadowy altar of Dithmenos.
  3030 | D:3      | You fall into a shaft and drop 1 floor!
  3082 | D:4      | Reached skill level 6 in Spellcasting
  3118 | D:4      | Noticed an orc warrior
  3136 | D:4      | Noticed a phantom
  3142 | D:3      | Reached XP level 6. HP: 5/32 MP: 6/17
  4180 | D:4      | Reached skill level 7 in Spellcasting
  4268 | D:4      | Found a sacrificial altar of Ru.
  4307 | D:4      | Learned a level 3 spell: Inner Flame
  4312 | D:4      | Learned a level 4 spell: Flame Wave
  4394 | D:4      | Slain by a phantom

Illustrated notes

Levels and vault maps discovered:
D:1:      dpeg_arrival_rooms_b, layout_basic
D:2:      layout_loops_ring, kennysheep_cross_bottleneck
D:3:      wad_crossroads, layout_basic, grunt_dithmenos_smoke
D:4:      layout_loops_ring, lemuel_crystal_altar, enter_ossuary_4

Skill      XL: |  1  2  3  4  5  6 |
---------------+-------------------+-----
Spellcasting   | 4 5 6 7 |  7.2
Fire Magic     | 4 5 6 |  6.4
Dodging        | |  2.4
Stealth        | |  2.4
Conjurations   | |  1.1

Action                   |  1- 3 |  4- 6 || total
-------------------------+-------+-------++-------
Melee: Staff             |     1 |     2 ||     3
 Cast: Foxfire           |    50 |    89 ||   139
       Scorch            |    13 |    31 ||    44
       Conjure Flame     |       |     2 ||     2
       Flame Wave        |       |     1 ||     1
  Use: Scroll            |       |     7 ||     7
       Potion            |       |     1 ||     1
Armor: Robe              |     3 |     4 ||     7
Dodge: Dodged            |    15 |    15 ||    30
